 Dungeon Crawl Stone Soup version 0.31.0-11-ge490571c62 (webtiles) character file.

Game seed: 150731719081682524

24 ygpa the Trooper (level 3, 0/33 HPs)
             Began as a Hill Orc Fighter on Feb 9, 2024.
             Succumbed to an adder's poison
             ... on level 3 of the Dungeon.
             The game lasted 00:01:57 (184 turns).

ygpa the Trooper (Hill Orc Fighter)                  Turns: 184, Time: 00:01:58

Health: 0/33       AC:  7    Str: 20    XL:     3   Next: 2%
Magic:  3/3        EV:  9    Int:  8    God:
Gold:   26         SH:  4    Dex: 10    Spells: 2/2 levels left

rFire   . . .        a - +0 war axe
rCold   . . .        c - +0 buckler
rNeg    . . .        b - +0 scale mail
rPois   .            (no helmet)
rElec   .            (no cloak)
rCorr   .            (no gloves)
SInv    .            (no boots)
Will    .....        (no amulet) Stlth
                     (no ring)
HPRegen 0.25/turn    (no ring)
MPRegen 0.08/turn

%: no passive effects
@: mighty, lethally poisoned (0 -> -7)
A: no striking features
a: no special abilities


You were on level 3 of the Dungeon.
You visited 1 branch of the dungeon, and saw 3 of its levels.

You collected 26 gold pieces.

Inventory:

Hand Weapons
 a - a +0 war axe (weapon)
Armour
 b - a +0 scale mail (worn)
 c - a +0 buckler (worn)
 e - a +0 robe
Scrolls
 g - a scroll of identify {unknown}
Potions
 f - a potion of haste {unknown}


   Skills:
 + Level 4.1 Fighting
 + Level 2.8 Axes
 + Level 3.9 Armour
 + Level 3.4 Shields


You had 2 spell levels left.
You didn't know any spells.
Your spell library was empty.

Dungeon Overview and Level Annotations

Branches:
Dungeon (3/15)

Altars:
Elyvilon


Message History

The adder bites you but does no damage.
You hit the adder.
The adder is almost dead.
You closely miss the adder.
You feel sick. The adder barely misses you.
The adder bites you but does no damage. You block the adder's attack.
You hit the adder.
You kill the adder!
You barely miss the adder.
You feel sick. You block the adder's attack.
The adder bites you but does no damage.
You have reached level 3!
Your experience leads to an increase in your attributes!
Increase (S)trength, (I)ntelligence, or (D)exterity?
Uppercase letters only, please.
You feel stronger. x2
You miss the adder.
You feel sick.
You are no longer poisoned.
You block the adder's attack. The adder bites you but does no damage.
You barely miss the adder.
The adder bites you but does no damage. x2
You miss the adder.
The adder bites you but does no damage. x2
You barely miss the adder. You block the adder's attack.
You closely miss the adder. The adder bites you.
You are poisoned.
The adder poisons you! The adder barely misses you.
You barely miss the adder.
You feel sick.
The adder bites you but does no damage. x2
You miss the adder.
You feel sick. The adder bites you but does no damage. The adder bites you.
You are more poisoned.
The adder poisons you!
You feel sick. The adder bites you but does no damage.
You barely miss the adder.
You feel sick. The adder bites you.
* * * LOW HITPOINT WARNING * * *
You are lethally poisoned!
The adder poisons you! The adder bites you but does no damage.
You miss the adder.
* * * LOW HITPOINT WARNING * * *
You feel very sick. You block the adder's attack. The adder closely misses you.
You feel very mighty all of a sudden.
You die...

#.# .# #.# ####.# ♣♣
#.# #...>##♣♣ ♣♣.♣♣♣
#.# #.#.....♣♣ ♣.....♣
#.# #........♣♣♣.......
#.###..†≈~≈...♣...≈~≈..
#......≈≈~≈≈.....≈≈~≈≈.
####...~~♣~~.....~~_~~.
##..≈≈~≈≈...@.≈≈~≈≈.
#...≈~≈...♣S..≈~≈..
#........♣♣♣.......
###.....♣♣ ♣.....♣
#####♣♣ ♣♣.♣♣♣ ♣♣


You could see an adder.

Vanquished Creatures
  2 adders (D:3)
  A ribbon worm (D:2)
  An endoplasm (D:1)
  A hobgoblin (D:1)
  A bat (D:2)
6 creatures vanquished.

Notes
Turn   | Place    | Note
-------+----------+-------------------------------------------
     0 | D:1      | ygpa the Hill Orc Fighter began the quest for the Orb.
     0 | D:1      | Reached XP level 1. HP: 19/19 MP: 1/1
    68 | D:2      | Reached skill level 4 in Fighting
   153 | D:3      | Reached XP level 2. HP: 19/27 MP: 2/2
   167 | D:3      | Found a white marble altar of Elyvilon.
   174 | D:3      | Reached XP level 3. HP: 18/33 MP: 3/3
   184 | D:3      | Succumbed to an adder's poison

Illustrated notes

Levels and vault maps discovered:
D:1:      lordsloth_arrival_two_stooges, layout_basic, corexii_corridor_pit,
          kennysheep_small_spiral, minmay_distorted
D:2:      layout_rooms, uniq_natasha
D:3:      layout_loops_ring, kiku_gazebo_garden_becter,
          mainiacjoe_overflow_alcove_2, lemuel_crystal_altar, elyvilon_altar_3,
          mainiacjoe_overflow_chevrons, nicolae_overflow_ecumenical_swirl,
          nemelex_xobeh_ov_fountains_minmay, minmay_misc_feat_more_columns

Skill      XL: |  1 |
---------------+----+-----
Fighting       | 4 |  4.1
Axes           | |  2.8
Armour         | |  3.9
Shields        | |  3.4

Action                     || total
---------------------------++-------
  Melee: War axe           ||    28
    Use: Potion            ||     1
 Armour: Scale mail        ||    30
  Dodge: Dodged            ||    10
  Block: Buckler           ||     8
